[Event "AI Cup Div-2 2023"]
[Site "Online"]
[Date "2023.09.27"]
[Round "52.1"]
[White "Duda, Jan-Krzysztof"]
[Black "Kuzubov, Yuriy"]
[Result "0-1"]
[ECO "C67"]
[WhiteElo "2726"]
[BlackElo "2625"]
[Annotator "TA"]
[PlyCount "148"]
[EventDate "2023.09.18"]
[EventType "k.o."]
[EventCountry "NET"]
[SourceTitle "playchess.com"]
[Source "ChessBase"]
[SourceQuality "1"]
[TimeControl "900+3"]

1. e4 e5 2. Nf3 Nc6 3. Bb5 Nf6 4. O-O Nxe4 5. Re1 Nd6 6. Nxe5 Be7 7. Bf1 Nxe5 8. Rxe5 O-O 9. Nc3 {[%emt 0:00:03] C67: Ruy Lopez: Berlin Defence: 4 0-0 Nxe4.} Ne8 10. Nd5 {[%emt 0:00:04][%cal Bc3d5,Bd5e3,Be3f5,Bf5e7][%mdl 32] Black is weak on the light squares} Bd6 11. Re1 {[%emt 0:00:03] The position is equal.} c6 (11... Qh4 12. g3 Qd8 13. Ne3 $16) 12. Ne3 Bc7 (12... Qh4 13. g3 Qd8 14. d4 $16) 13. Nf5 d5 14. Ne7+ Kh8 15. Nxc8 Rxc8 16. d3 f5 {[%emt 0:00:33] 16...Nf6 is not played anymore.} 17. Qf3 Qf6 $5 {[%emt 0:00:57][%mdl 4] A promising side line.} 18. Rb1 Nd6 {[%emt 0:01:53] [#]} 19. b4 $146 ({Predecessor:} 19. Bf4 Nf7 20. Bxc7 Rxc7 21. Qe3 a6 22. Qe6 Nd6 23. Qxf6 Rxf6 24. Re5 g6 25. Rbe1 {½-½ Nisipeanu,L (2661)-Aronian,L (2780) Olympiad-43 Batumi 2018 (11.1)}) 19... Rce8 (19... Nb5 {is interesting.} 20. Qh5 Be5 21. c4 Nc3) 20. Rxe8 Rxe8 21. Bb2 {[%emt 0:00:01] Wards off Qc3} d4 22. g3 a5 23. bxa5 Bxa5 24. a4 c5 25. h4 h6 26. Bh3 g6 27. Rf1 Kg7 28. Bc1 g5 {[%emt 0:00:19] Prevents Bf4} 29. Bg2 Kg6 30. Qd5 (30. hxg5 {simplifies} hxg5 31. Qd1 Re7 32. Bf3) 30... b6 31. Bf3 Nf7 32. Qd7 Qe6 33. Qb7 Ne5 34. Bd5 {[%emt 0:00:26] A strong pair of Bishops.} Qe7 35. Qxe7 Rxe7 36. f4 Ng4 37. Bf3 (37. hxg5 $2 Ne3 38. Bxe3 dxe3 $19) 37... gxh4 38. Bxg4 fxg4 $15 {[%emt 0:00:01][%mdl 4096] Endgame KRB-KRB} 39. f5+ Kf7 40. gxh4 h5 41. Bg5 {[%emt 0:00:27] Against Re3} Re2 ({Black should try} 41... Re8 $17 {White should prevent ...Be1.} 42. Kg2 c4) 42. Rf2 $11 Re1+ (42... Re5 $5 ) 43. Kg2 Re8 44. f6 Re5 45. Kg1 (45. Bf4 $15 Re6 46. Bg5) 45... Be1 ({Black should play} 45... Bb4 $19 46. Bf4 Re1+ 47. Kg2 Ra1) 46. Rf1 $17 Re2 {[%emt 0:00:10] Black is more active.} ({Better is} 46... Bb4 $17 {[%cal Oc5c4] Threatens to win with ...c4!} 47. Kg2 Be1) 47. Rf5 $1 $11 Bg3 {[%emt 0:00:05] [#] aiming for ...Bh2+.} 48. Rd5 {[%emt 0:00:05] And now Rd7+ would win.} Bh2+ (48... Rxc2 $11 49. Rd7+ Ke6 50. Re7+ Kd6) 49. Kf1 $16 Rxc2 {[%emt 0:00:03] ...Ke6 would be deadly.} 50. Rd7+ Ke6 $2 (50... Kg6 $16) 51. Re7+ $18 Kd5 52. f7 g3 {[%emt 0:00:05] [#]} 53. Re2 $2 (53. f8=B $2 g2+ 54. Ke1 g1=Q#) (53. Bd2 $1 $18 Rxd2 54. f8=Q (54. f8=B g2+ 55. Ke1 Rxd3 56. Rd7+ Kc4 57. Rg7 Bg3+ 58. Rxg3 Rxg3 59. Kf2 g1=Q+ 60. Ke2 Qh2+ 61. Kf1 Rg1#) 54... Rf2+ 55. Qxf2 gxf2 56. Rh7) 53... Rxe2 $11 {[%emt 0:00:03][%mdl 64] Remove Defender} 54. Kxe2 {[%emt 0:00:00] Intending Bf4 and mate. KB-KB} g2 55. f8=Q {[%emt 0:00:02] White threatens Qa8+ and mate.} (55. f8=R $2 g1=Q 56. a5 bxa5 $19) 55... g1=Q {[%emt 0:00:00] KQB-KQB} 56. Qa8+ Ke6 57. Qc8+ Kd5 58. Qb7+ Ke5 $1 (58... Kd6 59. Qxb6+ Kd7 60. Qd8+ (60. Qxc5 Qg4+ 61. Ke1 Bg3+ 62. Kd2 Bf4+ 63. Bxf4 Qxf4+ 64. Kd1 Qg4+ 65. Kc1 Qxh4 $11) 60... Kc6 61. Qe8+ Kd6 62. Qg6+ (62. Qxh5 Qg2+ 63. Kd1 Qg1+ 64. Kd2 Qf2+ 65. Kc1 Qf1+ 66. Kd2 Qf2+ 67. Kd1 Qf1+ 68. Kc2 Qg2+ 69. Kd1 Qf1+ 70. Kd2 Qf2+ $11) (62. Be7+ Kc7 $14) 62... Kd7 63. Qxh5 $16) 59. Qe7+ Kd5 60. Qb7+ Ke5 $1 ({Don't do} 60... Kd6 61. Qxb6+ Kd7 62. Qd8+ (62. Qxc5 Qg4+ 63. Ke1 Bg3+ 64. Kd2 Bf4+ 65. Bxf4 Qxf4+ 66. Kd1 Qxh4 $11) 62... Kc6 63. Qe8+ Kd6 64. Qg6+ (64. Qxh5 Qg2+ 65. Kd1 Qf1+ 66. Kc2 Qg2+ 67. Kd1 Qf1+ 68. Kc2 Qg2+ 69. Kb3 Qb7+ 70. Ka2 Qg2+ 71. Ka3 Qf1 $14) (64. Be7+ Kc7 $14) 64... Kd7 65. Qf7+ (65. Qxh5 Qg2+ 66. Kd1 Qd5 $18) 65... Kd6 66. Qg6+ (66. Qxh5 Qg2+ 67. Kd1 Qg1+ 68. Kc2 Qg2+ 69. Bd2 Bf4 $11) (66. Be7+ Kc7 $14) 66... Kd7 67. Qh7+ (67. Qxh5 Qg2+ 68. Kd1 Qf1+ 69. Kc2 Qf5 $18) 67... Kd6 68. Qh6+ (68. Qxh5 Qg2+ 69. Kd1 Qf1+ 70. Kd2 Qf2+ 71. Qe2 Bf4+ 72. Bxf4+ Qxf4+ 73. Kd1 Qxh4 $11) 68... Kd7 69. Qxh5 $18) 61. Qb8+ Kd5 62. Qg8+ Kc6 {[%emt 0:00:03] White must now prevent ...Qg4+. Some like it hot} 63. Qa8+ Kc7 64. Qa7+ Kc6 65. Qa8+ Kd7 66. Qd5+ Bd6 67. Bf4 $2 (67. Qb7+ $11 Bc7 68. Qd5+ Bd6 69. Qb7+ Bc7 70. Qd5+ Kc8 71. Qa8+ Kd7 72. Qd5+) 67... Qg4+ $19 {[%emt 0:00:01] Black is clearly winning.} 68. Ke1 Qxf4 69. Qxh5 Qe5+ 70. Qxe5 Bxe5 {[%emt 0:00:00] KB-K3P} 71. Kd2 Ke6 72. Kc2 Bg3 73. h5 Kf6 74. Kb3 Be1 {[%emt 0:00:00] Black used his chance.   Weighted Error Value: White=0.13 (very precise) /Black=0.13 (very precise)} 0-1

[Event "AI Cup Div-2 2023"]
[Site "Online"]
[Date "2023.09.27"]
[Round "52.1"]
[White "Keymer, Vincent"]
[Black "Niemann, Hans Moke"]
[Result "1/2-1/2"]
[ECO "A11"]
[WhiteElo "2717"]
[BlackElo "2667"]
[Annotator "TA"]
[PlyCount "103"]
[EventDate "2023.09.18"]
[EventType "k.o."]
[EventCountry "NET"]
[SourceTitle "playchess.com"]
[Source "ChessBase"]
[SourceQuality "1"]
[TimeControl "900+3"]

1. Nf3 Nf6 2. g3 g6 3. Bg2 Bg7 4. O-O O-O 5. c4 c6 6. b3 d5 7. Bb2 Bg4 8. d3 Nbd7 9. Nbd2 Re8 10. h3 Bxf3 {[%emt 0:00:03] A11: English Opening: 1...c6.} 11. Nxf3 e5 12. cxd5 cxd5 13. Rc1 Qb6 14. e3 Rad8 15. Qc2 {[%emt 0:00:07] [#]} Bf8 $146 ({Predecessor:} 15... Qa6 16. a3 e4 17. dxe4 dxe4 18. Nd2 b5 19. Qc6 Qxc6 20. Rxc6 Ne5 21. Rc2 Rd3 {½-½ Jumabayev,R (2617)-Sanal,V (2574) Novi Sad Serbia op-A 2022 (4)}) 16. Qc7 Bd6 17. Qxb6 axb6 18. d4 ({White should try} 18. a3 $14) 18... e4 $11 19. Nd2 b5 20. a3 Ra8 21. Nb1 b4 22. axb4 Ra2 23. Bc3 Rc8 24. Rfd1 Nf8 25. h4 (25. b5 $16) 25... h5 26. Bf1 Ng4 27. Rd2 (27. Be1 $14 Rxc1 28. Rxc1) 27... Rxd2 {[%emt 0:00:03] The position is equal.} 28. Bxd2 Rxc1 29. Bxc1 Bxb4 {[%emt 0:00:00] ...Be1 would be deadly.} 30. Bd2 {[%emt 0:00:13] Wards off Be1} Bxd2 31. Nxd2 {[%emt 0:00:00][%mdl 4096] Endgame KBN-KNN} Nd7 32. Nb1 Nb6 33. Bh3 Nf6 34. Nc3 Kf8 35. Kf1 Ke7 36. Ke2 Kd6 37. Kd2 Nbd7 38. Ne2 Nb8 39. Kc3 Ne8 40. Nf4 Nc7 41. Bc8 b6 42. g4 hxg4 43. Bxg4 Nc6 44. h5 gxh5 45. Bxh5 Ke7 46. Kd2 Na5 47. Kc2 Nc6 48. Kc3 Nb5+ 49. Kd2 Nc7 50. Kc3 Nb5+ 51. Kd2 Nc7 52. Kc3 {[%emt 0:00:01] Weighted Error Value: White=0.09 (flawless) /Black=0.06 (flawless)} 1/2-1/2

[Event "AI Cup Div-2 2023"]
[Site "Online"]
[Date "2023.09.27"]
[Round "52.2"]
[White "Eljanov, Pavel"]
[Black "Dominguez Perez, Leinier"]
[Result "0-1"]
[ECO "A36"]
[WhiteElo "2695"]
[BlackElo "2745"]
[Annotator "TA"]
[PlyCount "54"]
[EventDate "2023.09.18"]
[EventType "k.o."]
[EventCountry "NET"]
[SourceTitle "playchess.com"]
[Source "ChessBase"]
[SourceQuality "1"]
[TimeControl "900+3"]

1. c4 c5 2. g3 g6 3. Bg2 Bg7 4. Nc3 Nc6 5. d3 d6 6. a3 {[%emt 0:00:21] A36: Symmetrical English vs ...g6: 4 Bg2 Bg7.} e6 7. Bd2 {[%emt 0:00:33] is recently more successful than 7.e4.} Nge7 8. Rb1 {[%emt 0:00:08] The position is equal.} b6 9. b4 {[%emt 0:00:10][%cal Bb2b4,Bb4b5][%mdl 32] [#] Hoping for b5.} Bb7 10. b5 Na5 11. Nf3 a6 12. O-O O-O 13. Qc2 axb5 14. Nxb5 Nac6 {[%emt 0:02:56] [#]} 15. Bc3 $146 ({Predecessor:} 15. Rb3 d5 16. cxd5 Nxd5 17. Nc3 Na5 18. Rbb1 c4 19. Nxd5 Bxd5 20. Bb4 cxd3 21. Qxd3 Re8 22. Bc3 Ba2 23. Qxd8 Raxd8 24. Rb2 Bxc3 {½-½ Tkachiev,V (2634)-Kramnik,V (2809) FRA-chT1 France 2002 (3.1)}) 15... e5 16. Nd2 Nd4 17. Bxd4 (17. Nxd4 $5 Bxg2 18. Ne6 (18. Kxg2 exd4 19. Bb2 d5 $15) 18... fxe6 19. Kxg2 $11) 17... Bxg2 18. Kxg2 {[%emt 0:00:18] Bc3 would be deadly.} exd4 19. Ne4 ({White should try} 19. Kg1 $15) 19... d5 $17 20. cxd5 Nxd5 ({Don't do} 20... Qxd5 21. Nc7 Qc6 22. Nxa8 Rxa8 23. Qb3 $16) 21. Qc4 Qd7 22. Rfe1 (22. Kg1 $17) 22... Rfe8 $19 23. Nbd6 Re5 24. Qb5 {[%emt 0:00:09] [#]} Qg4 (24... Qe6 $1 $19 {aiming for ...Rh5.} 25. Qc6 Rd8 26. Rxb6 Rxe4 27. Nxe4 Nxb6 28. Qxe6 fxe6 29. Nxc5 e5) 25. Qc6 $17 Rf8 (25... Rxa3 $2 26. Qb7 Qe6 27. Nc4 Rxe4 28. Nxa3 $18) 26. f3 $2 (26. Rxb6 $15 Nxb6 27. Qxb6) 26... Ne3+ $19 27. Kf2 Qh3 {[%emt 0:00:01] Weighted Error Value: White=0.40/Black=0.07 (flawless)} 0-1

[Event "AI Cup Div-2 2023"]
[Site "Online"]
[Date "2023.09.27"]
[Round "52.2"]
[White "Niemann, Hans Moke"]
[Black "Keymer, Vincent"]
[Result "0-1"]
[ECO "B10"]
[WhiteElo "2667"]
[BlackElo "2717"]
[Annotator "TA"]
[PlyCount "105"]
[EventDate "2023.09.18"]
[EventType "k.o."]
[EventCountry "NET"]
[SourceTitle "playchess.com"]
[Source "ChessBase"]
[SourceQuality "1"]
[TimeControl "900+3"]

1. e4 c6 2. Nf3 d5 3. d3 dxe4 4. dxe4 Qxd1+ 5. Kxd1 Nd7 6. Nfd2 {[%emt 0:00:28] B10: Caro-Kann: 2 d3 and 2 c4.} f5 7. Nc3 Ngf6 8. f3 {[%emt 0:00:12] The position is equal.} g6 {[%emt 0:00:37] [#]} 9. a4 $146 ({Predecessor:} 9. exf5 gxf5 10. Nc4 Bg7 11. Be3 Nd5 12. Bd2 O-O 13. Ke1 Nc5 14. Nd1 e5 15. c3 {0-1 Hansen,E (2606)-Keymer,V (2607) Titled Tuesday intern op 14th Sept blitz 2021 (8)}) 9... Bg7 10. Bc4 Nc5 11. e5 Nh5 12. Re1 Be6 13. Bxe6 Nxe6 14. g3 O-O-O 15. a5 Bh6 16. Ra4 Rd7 {[%emt 0:00:19] Black is much more active. The white rooks are badly placed.} 17. f4 Rhd8 (17... g5 {feels hotter.} 18. fxg5 Bxg5 19. Ke2 Nd4+) 18. Ke2 Nd4+ ({Reject} 18... g5 19. fxg5 Bxg5 20. Nf3 $11) 19. Rxd4 $1 Rxd4 20. Nb3 Rc4 21. Be3 {[%emt 0:00:24] [#]} ({Better is} 21. Nd2 $15 Rb4 22. b3) 21... g5 $1 $17 22. fxg5 (22. Nd2 Rxc3) 22... Bg7 $36 {[%emt 0:00:01][%mdl 2048] Black is in control.} 23. Bxa7 Bxe5 24. Bb6 (24. Nd2 $17 Rg4 25. Bb6) 24... Bxc3 $19 25. bxc3 {[%emt 0:00:03] [#]} Re4+ $1 {[%emt 0:00:09][%mdl 64] Skewer} 26. Be3 Rd5 27. Kf3 e5 (27... Rde5 $19 {has better winning chances. Threatens to win with ...Rc4.} 28. Nd4 f4 29. gxf4 Rxf4+ 30. Bxf4 Rxe1) 28. Nd2 (28. a6 $17 bxa6 29. Ra1) 28... Ra4 29. Nb3 Ng7 30. h4 Ne6 31. Bb6 (31. Bf2 $142) 31... Rc4 32. Re3 Kd7 {[%emt 0:00:07] Strongly threatening ...f4.} 33. Ke2 Rg4 34. Nd2 Ke7 (34... c5 $19 {[%cal Oe6f4] and Black stays clearly on top. Hoping for ...Nf4+!} 35. Ke1 f4) 35. c4 $17 f4 (35... Rd6 $15) 36. Re4 Rd7 {[%emt 0:00:35] ...Nd4+ would be deadly.} (36... Rd6 $5 ) 37. Nf1 $2 {[%emt 0:00:11] [#] Black converts the advantage convincingly.} (37. Nf3 $1 $11 {and White has nothing to worry.}) 37... Kf7 $1 $19 38. Kf3 {[%emt 0:00:04] [#]} (38. c3 $142) 38... Rxg5 $1 39. gxf4 (39. Re1 Rh5) 39... Rf5 40. Rxe5 Rxf4+ {[%emt 0:00:01] Black is clearly winning.} 41. Ke2 Rxc4 (41... Rxh4 $2 {is the wrong capture.} 42. Ne3 $19) 42. Ne3 Rxh4 43. Rf5+ Kg6 44. Re5 Nf4+ 45. Kf3 Nd5 46. Kg3 Ra4 47. Ng2 Kf6 48. Re2 Rg7+ 49. Kf3 Ra3+ 50. Kf2 {[%emt 0:00:01] [#]} (50. Ne3 $142 Nxb6 51. axb6) 50... Rxg2+ $1 {[%emt 0:00:02][%mdl 64] Remove Defender, Decoy} 51. Kxg2 Nf4+ 52. Kf2 Nxe2 53. Kxe2 {[%emt 0:00:00] Weighted Error Value: White=0.48/Black=0.20 (precise)} 0-1

[Event "AI Cup Div-2 2023"]
[Site "Online"]
[Date "2023.09.27"]
[Round "52.2"]
[White "Saric, Ivan"]
[Black "Caruana, Fabiano"]
[Result "0-1"]
[ECO "C77"]
[WhiteElo "2647"]
[BlackElo "2786"]
[Annotator "TA"]
[PlyCount "74"]
[EventDate "2023.09.18"]
[EventType "k.o."]
[EventCountry "NET"]
[SourceTitle "playchess.com"]
[Source "ChessBase"]
[SourceQuality "1"]
[TimeControl "900+3"]

1. e4 e5 2. Nf3 Nc6 3. Bb5 a6 4. Ba4 Nf6 5. d3 b5 6. Bb3 Bc5 7. c3 d6 8. Bg5 {[%emt 0:00:03][%cal Bc1g5,Bg5h4,Bh4g3][%mdl 32] is recently more successful than 8.0-0. C77: Ruy Lopez: 3...a6 4 Ba4 Nf6, unusual lines.} h6 9. Bh4 g5 10. Bg3 {[%emt 0:00:01] The position is equal.} O-O 11. Nbd2 Bb6 12. Qe2 {[%emt 0:00:05] [#]} Kg7 $146 ({Predecessor:} 12... Na5 13. Bc2 c5 14. Nf1 Re8 15. Ne3 c4 16. Rd1 cxd3 17. Bxd3 Be6 18. h4 g4 {1-0 Martinez Alcantara,J (2591)-Caruana,F (2783) Chess.com Rapid Wk21 Swiss 2022 (9)}) 13. h4 g4 14. Nh2 Ne7 {[%emt 0:00:04] [#]} 15. h5 $1 {[%emt 0:00:19][%mdl 64] Prevents Ng6. Deflection} Nxh5 {[%emt 0:00:04] Strongly threatening ...Ng6.} 16. Nxg4 Nxg3 17. fxg3 Ng8 18. Rh5 {[%emt 0:05:23] Prevents Qg5} Nf6 $36 {[%emt 0:00:19][%mdl 2048] Black fights for an advantage.} 19. Nxf6 (19. Nxh6 Nxh5 20. Qxh5 Qf6 21. Nf5+ Bxf5 22. exf5 Rh8 23. Qg4+ Kf8 $17) 19... Qxf6 20. Nf3 Qg6 21. Nh4 {[%emt 0:00:01] [#]} Qxg3+ (21... Bg4 $1 $17 22. Nf5+ Kf6 23. Rxh6 Bxe2 24. Kxe2 c6) 22. Kd2 (22. Kd1 $11) 22... Qf4+ $17 23. Kc2 $2 {[%emt 0:00:06][%mdl 8192] This move loses the game for White.} (23. Ke1 $17 {was the crucial defense.}) 23... Bg4 $19 24. Qxg4+ Qxg4 25. Nf5+ Kg6 26. Rxh6+ Kg5 27. Rah1 Qe2+ 28. Kb1 {[%emt 0:00:09] [#]} Rh8 $3 29. Rxh8 Rxh8 30. Rxh8 Qxd3+ ({Don't take} 30... Qxg2 31. Rg8+ (31. Bxf7 $2 {perishes.} Qf1+ 32. Kc2 Qe2+ 33. Kc1 Be3+ 34. Nxe3 Qxe3+ 35. Kc2 Qf2+ 36. Kb1 Qf1+ 37. Kc2 Qf2+ 38. Kb1 Qf1+ 39. Kc2 Qxf7 $19) 31... Kf4 32. Rxg2 $18) 31. Kc1 Be3+ 32. Nxe3 Qxe3+ {[%emt 0:00:00] KQ-KRB} 33. Kd1 Qg1+ 34. Kd2 Qxg2+ 35. Kd3 Qxb2 {[%emt 0:00:08] ...c5 is the strong threat.} 36. Bxf7 c5 {[%emt 0:00:06] ( -> ...c4+)} 37. Rh5+ Kg4 {[%emt 0:00:05] Magnificent play by Caruana!   Weighted Error Value: White=1.10/Black=0.07 (flawless)} 0-1

[Event "AI Cup Div-2 2023"]
[Site "Online"]
[Date "2023.09.27"]
[Round "52.2"]
[White "Kuzubov, Yuriy"]
[Black "Duda, Jan-Krzysztof"]
[Result "1/2-1/2"]
[ECO "A48"]
[WhiteElo "2625"]
[BlackElo "2726"]
[Annotator "TA"]
[PlyCount "77"]
[EventDate "2023.09.18"]
[EventType "k.o."]
[EventCountry "NET"]
[SourceTitle "playchess.com"]
[Source "ChessBase"]
[SourceQuality "1"]
[TimeControl "900+3"]

1. d4 Nf6 2. Nf3 g6 3. Nbd2 Bg7 4. e4 O-O 5. c3 d5 6. e5 {[%emt 0:00:16] [#] A48: 1 d4 Nf6 2 Nf3 g6: Torre, London and Colle Systems.} Nh5 $146 ({Predecessor:} 6... Ne8 7. h4 Bg4 8. Qb3 c5 9. Qxb7 Nc7 10. h5 a5 11. hxg6 fxg6 12. Rh4 Bf5 13. dxc5 {0-1 Karakehajov,K (2458)-Lupulescu,C (2571) Bucharest Autumn Cup 2006 (4)}) 7. Nb3 f6 8. Be2 {[%emt 0:00:11] White is slightly better.} Nc6 9. exf6 Rxf6 10. O-O Nf4 11. Bxf4 Rxf4 12. Nc5 Qd6 13. Nd3 Rf8 14. Re1 Bf5 15. Nde5 Nxe5 16. Nxe5 Be4 17. f3 Bf5 18. Bd3 c5 19. dxc5 Qxc5+ 20. Kh1 Rad8 21. Bxf5 Rxf5 22. Nd3 Qc7 23. Re6 b5 24. Qe2 Rd7 25. Re1 d4 ({Don't take} 25... Rh5 26. g4 (26. Rxe7 $2 Qxh2#) 26... Rh3 27. Qg2 $16 (27. Rxe7 $2 Rxe7 28. Qg2 Rxe1+ 29. Nxe1 Rh4 $19)) 26. cxd4 {[%emt 0:00:06] Black should prevent Rc1.} ({But not} 26. Rxe7 Rxe7 27. Qxe7 Qxe7 28. Rxe7 dxc3 29. bxc3 (29. Rxa7 $2 {too greedy.} Rd5 $19) 29... Rd5 30. Re8+ Kf7 $17) 26... Bxd4 27. Rxe7 Rxe7 28. Qxe7 Qxe7 29. Rxe7 $11 {[%emt 0:00:02][%mdl 4096] Endgame KRB-KRN} Rd5 {[%emt 0:00:00] [#] aiming for ...Bc5.} 30. Re1 Rd6 31. g3 Ra6 32. a3 Rd6 33. Kg2 Bxb2 {[%emt 0:00:05][%mdl 64] [#] Decoy. The position is equal.} 34. Nxb2 {[%emt 0:00:04] Strongly threatening Kf2. KRN-KR} Rd2+ 35. Kh3 {[%emt 0:00:01] Black must now prevent Rb1.} Rxb2 36. Re8+ Kf7 37. Ra8 h5 38. Rxa7+ Kf6 39. g4 {[%emt 0:00:15] Weighted Error Value: White=0.07 (flawless) /Black=0.08 (flawless)} 1/2-1/2

[Event "AI Cup Div-2 2023"]
[Site "Online"]
[Date "2023.09.27"]
[Round "53.1"]
[White "Dominguez Perez, Leinier"]
[Black "Kuzubov, Yuriy"]
[Result "1/2-1/2"]
[ECO "C42"]
[WhiteElo "2745"]
[BlackElo "2625"]
[Annotator "TA"]
[PlyCount "55"]
[EventDate "2023.09.18"]
[EventType "k.o."]
[EventCountry "NET"]
[SourceTitle "playchess.com"]
[Source "ChessBase"]
[SourceQuality "1"]
[TimeControl "900+3"]

1. e4 e5 2. Nf3 Nf6 3. Nxe5 d6 4. Nf3 Nxe4 5. Nc3 Nxc3 6. dxc3 Be7 7. Be3 O-O 8. Qd2 {[%emt 0:00:02] C42: Petroff Defence: 3 Nxe5 and unusual White 3rd moves.} Nd7 9. O-O-O c6 10. h4 Re8 11. Bd3 Qa5 {[%emt 0:00:42] [#]} 12. a3 $146 ({Predecessor:} 12. Kb1 Ne5 13. Nxe5 dxe5 14. Qe2 Be6 15. Bc4 Bxc4 16. Qxc4 Rad8 17. h5 Rxd1+ 18. Rxd1 {½-½ Caruana,F (2675)-Kramnik,V (2788) Corus Wijk aan Zee 2010 (3)}) 12... Nc5 13. Bxc5 Qxc5 14. Rde1 Bg4 15. Ng5 {[%emt 0:00:31] [#] Strongly threatening b4.} (15. Qf4 $5 Bxf3 16. Qxf3 $11) 15... Bf5 16. Qf4 Bxg5 17. Qxg5 (17. hxg5 {is interesting.} Bxd3 18. cxd3 Re6 19. Rxe6 fxe6 20. Qg4) 17... Bxd3 (17... Qxf2 $2 18. Ref1 (18. Qxf5 $2 {gets mated.} Rxe1+ {[%mdl 64] Back Rank} 19. Rxe1 Qxe1#) (18. Rxe8+ Rxe8 19. Qd2 Qxd2+ 20. Kxd2 Bg4 $17) 18... Qe3+ 19. Qxe3 Rxe3 20. Rxf5 $18) 18. Qxc5 dxc5 19. cxd3 $11 {[%emt 0:00:01][%mdl 4096] Endgame KRR-KRR} Kf8 20. Re4 Red8 21. Kc2 Rd7 22. Rh3 Rad8 23. b4 cxb4 {[%emt 0:00:08] The position is equal.} 24. axb4 Rd5 25. c4 Rf5 26. f4 h5 27. d4 a5 28. bxa5 {[%emt 0:00:48] An uneventful encounter.   Weighted Error Value: White=0.08 (flawless) /Black=0.07 (flawless)} 1/2-1/2

[Event "AI Cup Div-2 2023"]
[Site "Online"]
[Date "2023.09.27"]
[Round "53.1"]
[White "Keymer, Vincent"]
[Black "Caruana, Fabiano"]
[Result "0-1"]
[ECO "E06"]
[WhiteElo "2717"]
[BlackElo "2786"]
[Annotator "TA"]
[PlyCount "54"]
[EventDate "2023.09.18"]
[EventType "k.o."]
[EventCountry "NET"]
[SourceTitle "playchess.com"]
[Source "ChessBase"]
[SourceQuality "1"]
[TimeControl "900+3"]

1. Nf3 d5 2. g3 Nf6 3. Bg2 e6 4. d4 Be7 5. c4 O-O 6. Nc3 dxc4 7. Ne5 Nc6 8. Bxc6 {[%emt 0:00:07] E06: Closed Catalan: Early deviations.} ({Much worse is} 8. Nxc4 Qxd4 9. Qb3 Qc5 $15) 8... bxc6 9. Nxc6 {[%emt 0:00:01] A dynamic duo of knights.} Qe8 10. Nxe7+ {[%emt 0:00:03] The position is equal.} Qxe7 11. Qa4 Nd5 12. O-O a5 {[%emt 0:00:03] [#]} 13. Bd2 $146 ({Predecessor:} 13. Re1 Qb4 14. a3 Qb6 15. Qxc4 Ba6 16. Nxd5 exd5 17. Qc3 Rfe8 18. Bf4 c6 19. Rac1 {0-1 Abdusattorov,N (2716)-Caruana,F (2786) Speed Chess Chess.com INT blitz 2023 (1)}) 13... Rd8 14. Rfe1 Nb4 15. a3 Rxd4 {[%emt 0:00:47] [#]} (15... Bd7 $11 16. Qd1 Nc6) 16. Bg5 $1 $16 {[%emt 0:01:30][%mdl 64] Deflection, Back Rank} f6 17. Bxf6 gxf6 18. axb4 Bd7 {[%emt 0:00:50][%cal Bc8d7,Bd7g4,Bg4f3][%mdl 32] [#]} 19. Qa3 (19. b5 $1 $16) 19... a4 $1 $14 20. Rad1 e5 21. Nd5 Qd6 22. Qf3 Rf8 23. e3 $2 (23. Nc3 $11) 23... Bg4 $19 {[%emt 0:00:57][%mdl 64] Skewer. Black is clearly winning.} 24. Nxf6+ Rxf6 {[%emt 0:00:17][%mdl 64] Pin} 25. Qa8+ Rf8 26. Rxd4 exd4 27. Qe4 Bf3 {[%emt 0:00:02] Weighted Error Value: White=0.39/Black=0.12 (very precise)} (27... Qxb4 $2 28. Qxg4+ Kf7 29. Rc1 $18) 0-1

[Event "AI Cup Div-2 2023"]
[Site "Online"]
[Date "2023.09.27"]
[Round "53.2"]
[White "Caruana, Fabiano"]
[Black "Keymer, Vincent"]
[Result "1-0"]
[ECO "B11"]
[WhiteElo "2786"]
[BlackElo "2717"]
[Annotator "TA"]
[PlyCount "71"]
[EventDate "2023.09.18"]
[EventType "k.o."]
[EventCountry "NET"]
[SourceTitle "playchess.com"]
[Source "ChessBase"]
[SourceQuality "1"]
[TimeControl "900+3"]

1. e4 c6 2. Nc3 d5 3. Nf3 Bg4 4. h3 Bxf3 5. Qxf3 e6 6. d4 Nf6 7. a3 {[%emt 0:02:48] B11: Caro-Kann: Two Knights Variation.} Qb6 8. Bd3 Qxd4 9. Be3 {[%emt 0:00:03] The position is equal.} Qe5 {[%emt 0:01:37] Hoping for ...d4.} 10. Bf4 {[%emt 0:00:03] [#]} Qh5 $146 ({Predecessor:} 10... Qd4 11. O-O-O Bxa3 12. Be2 Bxb2+ 13. Kxb2 Qb4+ 14. Ka1 dxe4 {1-0 Valmana Canto,J (2387)-Bentel,R (2126) Lorca op 10th 2021 (3)}) 11. g4 dxe4 12. Nxe4 Qd5 13. Nxf6+ gxf6 14. Be4 Qc4 15. Bd3 (15. O-O-O $14) 15... Qd5 $1 $11 16. Be4 $36 {[%emt 0:00:03][%mdl 2048] White has the initiative.} Qb5 17. Bd3 {[%emt 0:02:31][%mdl 1024] White has compensation. This pair of bishops is nice.} (17. a4 $5 Qc4 18. O-O-O $14) 17... Qa5+ 18. Bd2 Qe5+ 19. Be4 {[%emt 0:00:02] Bc3 is the strong threat.} Nd7 {[%emt 0:00:01] aiming for ...Nc5.} 20. Bc3 Qg5 ({Black should try} 20... Qb5 $11) 21. h4 $14 Qc5 (21... Qb5 $1 $14) 22. O-O-O $16 {[%emt 0:00:17][%cal Od1d7] Threatens to win with Rxd7! White is more active.} ({Much worse is} 22. Bxf6 $6 Nxf6 23. Qxf6 Rg8 $11) 22... Be7 {[%emt 0:00:59] [#]} (22... Bg7 $16) 23. g5 $1 $18 {[%emt 0:00:43][%cal Od1d7,Bg4g5,Bg5f6][%mdl 32] Black must now prevent Rxd7!} Qc4 $2 {[%emt 0:00:57] A mistake that costs the game.} (23... Qb5 $16 {keeps fighting.}) 24. gxf6 Bc5 25. Kb1 {[%emt 0:00:04][%cal Oe4c6] And now Bxc6! would win.} O-O-O $2 {[%emt 0:00:02] [#]} (25... Qb5 26. Qh5 Rf8) 26. Bxc6 $1 Qa6 27. Bxd7+ Rxd7 28. Rxd7 Kxd7 29. Rd1+ Kc8 30. Qh5 Qc6 31. Qxf7 Bxa3 32. bxa3 Qxc3 33. Qd7+ (33. Qg7 $142 Rd8 34. Rxd8+ Kxd8 35. Qe7+ Kc8 36. f7 Qe1+ 37. Ka2 Qxf2 38. f8=Q+ Qxf8 39. Qxf8+ Kd7 40. Qf7+ Kc6 41. Qxh7) 33... Kb8 34. f7 {[%emt 0:00:30] Qd6+ would kill now.} Qc8 35. Qxc8+ Kxc8 {[%emt 0:00:06] [#]} 36. Rg1 $1 {[%emt 0:00:01] Weighted Error Value: White=0.31/Black=0.75} 1-0